Map: Bel'Shir Vestige LE (Void)

Players

Yav

  • Race: Protoss Protoss
  • League: Master
  • Spawn Location: 5:00

Railgan - Winner!

  • Race: Zerg Zerg
  • League: Grandmaster
  • Spawn Location: 11:00

VOD

https://www.youtube.com/watch?v=e6Ibun73YU8

Description

Time

  • Played on: March 24, 2017, 12:07 p.m.
  • Length: 13:09
Show
View Real Time Build Order
Export as new Build Order

Yav Protoss 

Build Orders:  

Get SALT Encoding   

  12  0:00  Probe (Chrono Boost)  
  13  0:11  Probe (Chrono Boost)  
  14  0:20  Pylon  
  14  0:22  Probe (Chrono Boost)  
  15  0:38  Probe (Chrono Boost)  
  15  0:40  Gateway  
  16  0:45  Assimilator  
  16  0:48  Probe (Chrono Boost)  
  17  0:59  Probe (Chrono Boost)  
  18  1:09  Probe (Chrono Boost)  
  19  1:20  Probe (Chrono Boost)  
  20  1:26  Zealot  
  20  1:29  Cybernetics Core  
  22  1:34  Pylon  
  22  1:35  Probe (Chrono Boost)  
  23  1:42  Gateway  
  23  1:53  Probe (Chrono Boost)  
  24  2:01  Adept  
  24  2:06  Probe (Chrono Boost)  
  27  2:18  Probe (Chrono Boost)  
  28  2:28  Nexus  
  28  2:36  Probe (Chrono Boost)  
  29  2:40  Assimilator  
  29  2:47  Probe (Chrono Boost)  
  29  2:50  Warp Gate  
  30  2:57  Pylon  
  31  2:58  Probe (Chrono Boost)  
  31  3:15  Twilight Council  
  31  3:16  Probe (Chrono Boost)  
  31  3:19  Adept  
  34  3:22  Stalker  
  36  3:29  Probe (Chrono Boost)  
  37  3:40  Probe (Chrono Boost)  
  38  3:42  Probe (Chrono Boost)  
  38  3:46  Robotics Facility  
  39  3:50  Probe (Chrono Boost)  
  39  3:53  Probe (Chrono Boost)  
  41  3:57  Resonating Glaives  
  41  4:01  Probe (Chrono Boost)  
  42  4:04  Probe (Chrono Boost)  
  43  4:11  Probe (Chrono Boost)  
  43  4:12  Gateway  
  43  4:16  Probe (Chrono Boost)  
  45  4:17  Adept  
  45  4:20  Adept  
  45  4:22  Probe (Chrono Boost)  
  50  4:26  Assimilator  
  50  4:28  Probe (Chrono Boost)  
  50  4:29  Assimilator  
  51  4:32  Warp Prism  
  51  4:33  Pylon  
  53  4:42  Probe (Chrono Boost)  
  54  4:47  Pylon  
  54  4:51  Probe (Chrono Boost)  
  55  4:56  Pylon  
  55  4:58  Probe (Chrono Boost), Adept x2  
  60  5:02  Probe (Chrono Boost), Pylon  
  61  5:10  Probe (Chrono Boost)  
  61  5:11  Adept  
  61  5:13  Probe (Chrono Boost)  
  65  5:22  Adept  
  65  5:24  Probe (Chrono Boost)  
  65  5:25  Probe (Chrono Boost)  
  69  5:33  Nexus  
  69  5:35  Mothership Core (Chrono Boost)  
  71  5:39  Probe (Chrono Boost)  
  71  5:40  Sentry x2  
  71  5:42  Sentry  
  78  5:51  Probe (Chrono Boost)  
  78  5:53  Probe (Chrono Boost)  
  78  5:54  Pylon  
  78  5:56  Pylon  
  80  6:03  Probe (Chrono Boost)  
  75  6:07  Adept x2  
  76  6:18  Immortal  
  70  6:25  Probe (Chrono Boost)  
  76  6:27  Probe (Chrono Boost)  
  76  6:31  Sentry x3  
  74  6:36  Probe (Chrono Boost)  
  74  6:39  Probe (Chrono Boost)  
  76  6:40  Pylon  
  76  6:42  Gateway  
  76  6:43  Gateway  
  76  6:44  Gateway  
  76  6:49  Probe (Chrono Boost)  
  76  6:50  Probe (Chrono Boost)  
  76  6:51  Probe (Chrono Boost)  
  76  6:52  Immortal  
  83  7:04  Sentry  
  83  7:05  Sentry x2  
  89  7:13  Forge  
  89  7:14  Pylon  
  89  7:17  Probe x2 (Chrono Boost)  
  89  7:18  Probe (Chrono Boost)  
  92  7:26  Immortal  
  92  7:34  Protoss Ground Weapons Level 1  
  92  7:36  Probe x2 (Chrono Boost)  
  99  7:38  Probe (Chrono Boost), Pylon  
  99  7:39  Pylon  
  99  7:43  Blink  
  99  7:51  Probe (Chrono Boost), Assimilator x2  
  101  7:52  Probe (Chrono Boost)  
  101  7:56  Adept x3  
  101  7:57  Stalker x2  
  111  8:00  Immortal  
  111  8:03  Probe x2 (Chrono Boost)  
  111  8:04  Probe (Chrono Boost)  
  111  8:05  Stalker  
  120  8:12  Pylon  
  120  8:16  Pylon  
  120  8:18  Pylon  
  120  8:23  Gateway x2  
  120  8:27  Pylon  
  120  8:28  Pylon  
  120  8:35  Stalker x5  
  120  8:36  Stalker  
  120  8:39  Observer  
  132  8:41  Gateway  
  132  8:43  Gateway  
  132  8:47  Photon Cannon  
  133  8:51  Photon Cannon  
  133  8:58  Immortal  
  133  8:59  Sentry x2, Stalker  
  133  9:00  Stalker x3  
  145  9:18  Protoss Ground Weapons Level 2  
  140  9:40  Charge  
  140  9:44  Stalker x2  
  140  9:45  Stalker x3  
  139  9:46  Stalker  
  139  9:48  Immortal  
  139  9:51  Pylon  
  141  9:57  Pylon  
  145  10:08  Stalker x5  
  145  10:09  Stalker  
  145  10:10  Stalker x2  
  145  10:11  Stalker  
  143  10:42  Stalker  
  131  10:43  Stalker x9  
  133  11:07  Stalker x5  
  133  11:08  Stalker, Zealot x2  
  133  11:09  Zealot  
  151  11:13  Zealot  
  151  11:16  Nexus  
  153  11:20  Observer  
  122  11:35  Stalker  
  122  11:36  Stalker x6  
  122  11:38  Sentry x3  
  142  11:43  Pylon  
  84  12:10  Zealot x5  
  84  12:11  Zealot x3  
  84  12:12  Zealot  
  84  12:15  Pylon  
  102  12:21  Sentry  
  99  12:39  Probe x3 (Chrono Boost)  
  99  12:40  Probe (Chrono Boost)  
  103  12:45  Templar Archives  
  98  12:53  Zealot x2  
  98  12:55  Zealot x3  
Show
View Real Time Build Order
Export as new Build Order

Railgan Zerg - Winner!

Build Orders: Pool First 

Get SALT Encoding   

  12  0:20  Spawning Pool  
  11  0:22  Drone  
  11  0:26  Drone  
  13  0:30  Drone  
  14  0:40  Overlord  
  14  0:44  Extractor  
  13  1:06  Zergling x2  
  13  1:07  Zergling x4  
  16  1:21  Hatchery  
  15  1:26  Drone  
  15  1:31  Drone  
  17  1:39  Drone  
  18  1:51  Metabolic Boost  
  18  1:56  Drone  
  19  2:04  Drone  
  20  2:20  Hatchery  
  19  2:24  Overlord  
  19  2:34  Queen  
  20  2:38  Drone  
  20  2:41  Drone  
  22  2:47  Drone x2  
  22  2:50  Drone  
  25  2:59  Queen  
  25  3:03  Drone  
  28  3:06  Drone  
  29  3:13  Queen  
  29  3:18  Overlord  
  31  3:20  Drone  
  31  3:23  Drone  
  31  3:25  Drone  
  34  3:30  Drone  
  34  3:31  Drone  
  36  3:35  Drone  
  36  3:40  Drone  
  38  3:42  Queen  
  38  3:47  Drone x2  
  38  3:48  Drone  
  43  3:51  Drone  
  44  3:58  Drone, Overlord  
  44  3:59  Drone  
  44  4:00  Drone  
  48  4:02  Drone  
  48  4:08  Drone  
  48  4:09  Roach Warren  
  48  4:10  Drone  
  48  4:12  Drone  
  48  4:16  Overlord  
  50  4:21  Drone x4  
  54  4:26  Spore Crawler  
  54  4:27  Spore Crawler  
  54  4:30  Evolution Chamber  
  51  4:31  Spore Crawler  
  51  4:34  Drone x2  
  51  4:37  Zergling x2  
  53  4:41  Drone  
  53  4:42  Drone  
  53  4:44  Drone  
  53  4:45  Drone x2  
  57  4:47  Extractor  
  57  4:48  Extractor, Overlord  
  55  4:56  Drone x3  
  58  5:00  Zerg Melee Weapons Level 1  
  58  5:01  Roach x2  
  58  5:06  Roach  
  64  5:09  Drone  
  64  5:11  Zergling x8  
  64  5:14  Overlord  
  69  5:16  Overlord  
  69  5:26  Lair  
  69  5:31  Queen  
  69  5:32  Queen  
  69  5:33  Roach  
  69  5:34  Roach x2  
  79  5:40  Zergling x8  
  83  5:46  Roach x3  
  89  5:51  Overlord  
  89  5:54  Roach  
  87  6:05  Roach  
  89  6:11  Roach x4  
  89  6:16  Drone x5  
  89  6:18  Drone  
  95  6:21  Drone x2  
  95  6:22  Drone  
  95  6:24  Drone x2  
  92  6:28  Drone  
  92  6:40  Drone x4  
  92  6:41  Drone  
  92  6:44  Glial Reconstitution  
  92  6:46  Drone, Baneling Nest  
  97  6:48  Extractor  
  97  6:50  Zergling x6, Overlord  
  97  6:51  Overlord  
  97  6:54  Extractor x2  
  96  7:03  Drone  
  96  7:04  Hatchery, Ravager  
  96  7:05  Ravager  
  98  7:09  Overlord  
  98  7:10  Drone x3  
  98  7:12  Drone x5  
  106  7:18  Zergling x8  
  107  7:25  Drone x3  
  107  7:27  Zerg Melee Weapons Level 2  
  109  7:35  Zergling x2  
  109  7:36  Zergling x10  
  109  7:38  Drone  
  109  7:39  Drone  
  109  7:42  Infestation Pit  
  110  7:46  Drone  
  110  7:48  Drone, Zergling x2  
  113  7:57  Zergling x10  
  115  7:59  Drone  
  115  8:00  Drone  
  115  8:02  Overlord  
  117  8:09  Zergling x6  
  117  8:10  Zergling x4  
  122  8:13  Overlord  
  122  8:18  Overlord  
  122  8:19  Overlord  
  122  8:20  Hive  
  122  8:23  Drone x3  
  122  8:25  Ravager x8  
  122  8:26  Ravager  
  122  8:27  Hatchery, Ravager  
  133  8:28  Zergling x2  
  133  8:29  Baneling  
  133  8:30  Baneling x2  
  133  8:33  Drone  
  133  8:34  Drone  
  137  8:42  Zergling x4  
  137  8:44  Centrifical Hooks  
  137  8:46  Zergling x8  
  143  8:50  Baneling x2  
  141  9:00  Zergling x2  
  141  9:01  Drone x3  
  144  9:04  Zergling x2  
  144  9:05  Zergling x6  
  144  9:08  Zergling x2  
  144  9:09  Spire, Zergling x4  
  150  9:17  Overlord x2  
  135  9:40  Zergling x2  
  125  9:47  Zergling x2  
  125  9:48  Zergling x18  
  125  9:49  Zergling x2  
  125  9:50  Zergling x2  
  125  9:51  Adrenal Glands  
  125  9:52  Ultralisk Cavern  
  136  9:53  Zerg Melee Weapons Level 3  
  136  9:54  Zergling x2  
  136  9:55  Zergling x12  
  136  9:57  Drone x4  
  147  10:00  Baneling x14  
  147  10:01  Drone, Zergling x2  
  147  10:02  Zergling x12  
  155  10:10  Zergling x2  
  156  10:14  Zergling x6  
  156  10:15  Overlord  
  156  10:18  Zergling x2  
  160  10:28  Zergling x14  
  149  10:39  Zergling x2  
  149  10:40  Zergling x20  
  150  10:47  Zergling x6  
  150  10:48  Zergling x2  
  151  10:50  Zergling x2  
  151  10:51  Zergling x2  
  151  10:53  Zergling x2  
  151  10:55  Chitinous Plating  
  148  11:01  Zergling x2  
  148  11:02  Ultralisk x3  
  155  11:04  Baneling x6  
  155  11:07  Ultralisk  
  155  11:08  Zergling x2  
  162  11:14  Zergling x2  
  162  11:17  Ultralisk, Zergling x2  
  170  11:19  Baneling  
  170  11:20  Baneling x4, Zergling x4  
  170  11:21  Zergling x2, Overlord x2  
  170  11:22  Overlord  
  165  11:28  Zergling x2  
  165  11:31  Ultralisk  
  149  11:34  Zergling x2  
  149  11:35  Zergling x4  
  149  11:36  Zergling x4  
  149  11:37  Zergling x8  
  158  11:41  Roach  
  158  11:49  Ultralisk, Zergling x2  
  158  11:50  Zergling x2  
  138  11:59  Zergling x2  
  129  12:03  Ultralisk, Zergling x2  
  129  12:05  Zergling x2  
  131  12:11  Ultralisk  
  131  12:12  Zergling x24  
  131  12:13  Zergling x2  
  150  12:17  Zergling x2  
  150  12:18  Baneling x5  
  150  12:19  Zergling x2  
  150  12:20  Zergling x8  
  150  12:21  Overseer, Drone  
  151  12:35  Zergling x14  
  158  12:40  Zergling x2  
Tags
 
Add a new tag
Caveats
  • Supply blocks, unpowered buildings, or Contaminate may cause inaccurate times.
  • Supply counts are checked every 10 seconds.